 Dungeon Crawl Stone Soup version 0.29.0-4-gdea44cf6ec (webtiles) character file.

Game seed: 6602146060159625931

259 qw the Ruffian (level 6, -3/48 HPs)
             Began as a Ghoul Fire Elementalist on Aug 29, 2022.
             Slain by a water moccasin (6 damage)
             ... on level 5 of the Dungeon.
             The game lasted 00:03:29 (4153 turns).

qw the Ruffian (Ghoul Fire Elementalist)            Turns: 4153, Time: 00:03:29

Health: -3/48      AC: 10    Str: 13 (14) XL:     6   Next: 17%
Magic:  0/7        EV:  9    Int:  9 (10) God:
Gold:   306        SH:  3    Dex:  9      Spells: 7/8 levels left

rFire   . . .      SeeInvis .     - Unarmed
rCold   + . .      Faith    .   c - +0 buckler
rNeg    + + +      Spirit   +   l - +0 chain mail
rPois   inf        Reflect  .   i - +0 helmet
rElec   .          Harm     .   d - +0 cloak
rCorr   .          Rampage  .   (no gloves)
Will    .....                   (no boots)
Stlth   ..........              b - amulet of guardian spirit
HPRegen 0.00/turn               h - +4 ring of evasion
MPRegen 0.10/turn               e - +4 ring of slaying {mikee}

@: inhibited regen
A: claws 1, cold resistance 1, negative energy resistance 3, inhibited
regeneration, torment resistance 2, devour on kill
a: no special abilities


You were on level 5 of the Dungeon.
You visited 1 branch of the dungeon, and saw 5 of its levels.

You collected 306 gold pieces.


Innate Abilities, Weirdness & Mutations

You are immune to poison.
You have sharp fingernails.
Your flesh is cold resistant. (rC+)
You are immune to negative energy. (rN+++)
You do not regenerate when monsters are visible.
You are immune to unholy pain and torment.
You thrive by killing the living.


   Skills:
 - Level 2.2 Fighting
 - Level 1.2 Armour
 - Level 1.7 Dodging
 - Level 2.1 Stealth
 - Level 1.0 Shields
 + Level 5.3 Unarmed Combat
 - Level 1.7 Spellcasting
 - Level 0.7 Conjurations
 - Level 2.4 Fire Magic


You had 7 spell levels left.
You knew the following spells:

 Your Spells              Type           Power      Damage    Failure   Level
a - Foxfire               Conj/Fire      12%        2x1d4     100%        1

Your spell library contained the following spells:

 Spells                   Type           Power      Damage    Failure   Level
 Scorch                   Fire           10%        2d5       100%        2
 Conjure Flame            Conj/Fire      3%         6-21      100%        3
 Inner Flame              Hex/Fire       2%         N/A       100%        3
 Flame Wave               Conj/Fire      3%         2d5       100%        4

Inventory:

Missiles
 k - 6 silver boomerangs (quivered)
Armour
 c - a +0 buckler (worn)
 d - a +0 cloak (worn)
 i - a +0 helmet (worn)
 l - a +0 chain mail (worn)
Jewellery
 b - an amulet of guardian spirit (around neck)
 e - a +4 ring of slaying (right claw) {mikee}
 h - a +4 ring of evasion (left claw)
Scrolls
 g - 2 scrolls of identify
Potions
 j - a potion of mutation
 n - a potion of curing

Dungeon Overview and Level Annotations

Branches:
Dungeon (5/15)             Temple (0/1) D:5

Altars:


Message History

The gnoll bouda is severely wounded.
The gnoll bouda barely misses you. The iguana bites you.
You scratch the gnoll bouda but do no damage.
The gnoll bouda is severely wounded.
The gnoll bouda hits you with a +0 club.
The iguana closely misses you.
You scratch the gnoll bouda.
The gnoll bouda is almost dead.
Your attacks no longer feel as feeble.
The gnoll bouda hits you with a +0 club.
The iguana completely misses you.
You closely miss the gnoll bouda.
The gnoll bouda is almost dead.
The gnoll bouda barely misses you.
The iguana bites you but does no damage.
You scratch the gnoll bouda.
You kill the gnoll bouda!
You feel better.
The iguana bites you but does no damage.
You feel your strength returning.
You closely miss the iguana.
A water moccasin comes into view.
The iguana bites you but does no damage.
You barely miss the iguana.
The water moccasin hisses angrily.
You block the iguana's attack.
You scratch the iguana but do no damage.
The iguana bites you!
You closely miss the iguana. The iguana barely misses you.
You scratch the iguana.
The iguana is lightly wounded.
You barely miss the iguana.
The iguana is lightly wounded.
The iguana bites you.
The water moccasin bites you but does no damage.
You scratch the iguana.
The iguana is heavily wounded.
The iguana barely misses you. The water moccasin bites you.
You die...

.###..#### ..........#
## }.>........## #. .
?............ ..
8}..........# .#..
...........###.....
.##..........%...#
###.........>....#
....#...........@#
.......#.......lS##
...........$.?!...#
........(............
.......#.........#..#
#.###.................
#.###.##.........#..#.
#..##.##.............$#
......##...........


You could see a water moccasin and an iguana.

Vanquished Creatures
  A jelly (D:4)
  A gnoll bouda (D:5)
  An orc wizard (D:5)
  Robin (D:2)
  7 adders
  A worm (D:2)
  2 dart slugs
  4 orcs
  13 ball pythons
  8 bats
  6 endoplasms
  3 giant cockroaches
  17 goblins
  7 hobgoblins
  3 quokkas
  3 frilled lizards
  8 kobolds
  4 rats
90 creatures vanquished.

Notes
Turn   | Place    | Note
-------+----------+-------------------------------------------
     0 | D:1      | qw the Ghoul Fire Elementalist began the quest for the Orb.
     0 | D:1      | Reached XP level 1. HP: 14/14 MP: 2/2
     0 | D:1      | 0 ||| qw: Version: 0.1-a-90-g952f4b7
     0 | D:1      | 0 ||| qw: Game counter: 4253
     0 | D:1      | 0 ||| qw: Always use a shield: true
     0 | D:1      | 0 ||| qw: God list: Okawaru
     0 | D:1      | 0 ||| qw: Allow faded altars: false
     0 | D:1      | 0 ||| qw: Do Orc after D:15 true
     0 | D:1      | 0 ||| qw: Do second Lair branch before Depths: true
     0 | D:1      | 0 ||| qw: Lair rune preference: random
     0 | D:1      | 0 ||| qw: Plans: Normal
     0 | D:1      | 0 ||| PLANNING D:1-11
   221 | D:1      | Found a faded altar of an unknown god.
   229 | D:1      | 229 ||| Stepping ~*~*~tactically~*~*~ (stealth).
   233 | D:1      | Reached skill level 1 in Unarmed Combat
   248 | D:1      | 248 ||| Stepping ~*~*~tactically~*~*~ (stealth).
   378 | D:1      | 378 ||| Stepping ~*~*~tactically~*~*~ (stealth).
   387 | D:1      | 387 ||| Stepping ~*~*~tactically~*~*~ (stealth).
   391 | D:1      | Reached XP level 2. HP: 10/22 MP: 3/3
   516 | D:1      | Reached skill level 1 in Fighting
   543 | D:1      | 543 ||| Stepping ~*~*~tactically~*~*~ (stealth).
   577 | D:1      | 577 ||| Stepping ~*~*~tactically~*~*~ (stealth).
   581 | D:1      | 581 ||| Stepping ~*~*~tactically~*~*~ (stealth).
   582 | D:1      | 582 ||| Stepping ~*~*~tactically~*~*~ (stealth).
   583 | D:1      | 583 ||| Stepping ~*~*~tactically~*~*~ (stealth).
   993 | D:1      | Reached skill level 2 in Unarmed Combat
  1357 | D:1      | 1357 ||| UPGRADING to +0 ring mail.
  1367 | D:1      | 1367 ||| DROPPING +0 robe.
  1368 | D:1      | 1368 ||| DROPPING ring of flight.
  1369 | D:1      | 1369 ||| UPGRADING to +4 ring of evasion.
  1370 | D:1      | 1370 ||| READING scroll labelled MOBEULA VUA.
  1371 | D:1      | 1371 ||| READING scroll labelled KOLIMA NAKOKAE.
  1372 | D:1      | 1372 ||| READING scroll labelled CAFOLO YKAIRGH.
  1373 | D:1      | 1373 ||| DROPPING potion of magic.
  1400 | D:2      | 1400 ||| STAIRDANCE
  1409 | D:1      | Reached XP level 3. HP: 25/28 MP: 4/4
  1659 | D:2      | Reached skill level 3 in Unarmed Combat
  2069 | D:2      | Reached XP level 4. HP: 35/35 MP: 5/5
  2070 | D:2      | 2070 ||| Stepping ~*~*~tactically~*~*~ (stealth).
  2072 | D:2      | 2072 ||| Stepping ~*~*~tactically~*~*~ (stealth).
  2238 | D:2      | Noticed Robin
  2239 | D:2      | 2239 ||| Stepping ~*~*~tactically~*~*~ (stealth).
  2241 | D:2      | 2241 ||| Stepping ~*~*~tactically~*~*~ (hiding).
  2255 | D:2      | Killed Robin
  2256 | D:2      | Reached skill level 4 in Unarmed Combat
  2258 | D:2      | 2258 ||| Stepping ~*~*~tactically~*~*~ (outnumbered).
  2304 | D:2      | 2304 ||| Stepping ~*~*~tactically~*~*~ (stealth).
  2489 | D:2      | 2489 ||| Stepping ~*~*~tactically~*~*~ (hiding).
  2540 | D:2      | 2540 ||| UPGRADING to +0 buckler.
  2545 | D:2      | 2545 ||| UPGRADING to +0 cloak.
  2550 | D:2      | 2550 ||| UPGRADING to +0 scale mail.
  2560 | D:2      | 2560 ||| DROPPING +0 ring mail.
  2561 | D:2      | 2561 ||| DROPPING +2 leather armour of cold resistance.
  2562 | D:2      | 2562 ||| UPGRADING to +0 helmet.
  2567 | D:2      | 2567 ||| DRINKING 2 glowing grey potions.
  2568 | D:2      | 2568 ||| DROPPING potion of lignification.
  3116 | D:3      | Reached XP level 5. HP: 41/41 MP: 6/6
  3237 | D:3      | Reached skill level 1 in Shields
  3409 | D:3      | 3409 ||| UPGRADING to amulet of guardian spirit.
  3414 | D:3      | 3414 ||| UPGRADING to +4 ring of slaying {mikee}.
  3415 | D:3      | 3415 ||| DROPPING ring of magical power.
  3416 | D:3      | 3416 ||| READING scroll labelled REWAM NOTSAELU.
  3417 | D:3      | 3417 ||| READING scroll labelled QUIPYLI ERGHA.
  3418 | D:3      | 3418 ||| READING scroll labelled QUMUFAPN SATI.
  3519 | D:3      | 3519 ||| READING scroll labelled ITAS ELU VUTOE.
  3551 | D:4      | 3551 ||| STAIRDANCE
  3755 | D:4      | 3755 ||| Stepping ~*~*~tactically~*~*~ (stealth).
  3756 | D:4      | 3756 ||| Stepping ~*~*~tactically~*~*~ (stealth).
  3757 | D:4      | 3757 ||| Stepping ~*~*~tactically~*~*~ (stealth).
  3758 | D:4      | 3758 ||| Stepping ~*~*~tactically~*~*~ (stealth).
  3966 | D:4      | 3966 ||| UPGRADING to +0 chain mail.
  3976 | D:4      | 3976 ||| DROPPING +0 scale mail.
  3977 | D:4      | 3977 ||| READING scroll labelled NEC GOCZIU.
  3978 | D:4      | 3978 ||| DRINKING 2 glowing puce potions.
  3979 | D:4      | 3979 ||| READING 3 scrolls of identify.
  3979 | D:4      | 3979 ||| IDENTIFYING fuming black potion
  3980 | D:4      | 3980 ||| READING 2 scrolls of identify.
  3980 | D:4      | 3980 ||| IDENTIFYING emerald potion
  3981 | D:4      | 3981 ||| DROPPING potion of degeneration.
  3989 | D:5      | Entered Level 5 of the Dungeon
  4006 | D:5      | 4006 ||| Stepping ~*~*~tactically~*~*~ (outnumbered).
  4007 | D:5      | 4007 ||| Stepping ~*~*~tactically~*~*~ (outnumbered).
  4015 | D:5      | Reached skill level 1 in Armour
  4099 | D:5      | Reached skill level 5 in Unarmed Combat
  4099 | D:5      | Reached XP level 6. HP: 47/48 MP: 7/7
  4128 | D:5      | Found a staircase to the Ecumenical Temple.
  4129 | D:5      | 4129 ||| PLANNING TEMPLE
  4143 | D:5      | HP: 11/48 [gnoll bouda/+0 club (5)]
  4147 | D:5      | Noticed a water moccasin
  4149 | D:5      | HP: 5/48 [iguana (8)]
  4153 | D:5      | Slain by a water moccasin

Levels and vault maps discovered:
D:1:      wander_arrival_chamber, layout_loops_ring,
          nicolae_ecumenical_snake_handling
D:2:      layout_loops_cross, grunt_ministairs_2, minmay_increasing_density,
          uniq_robin
D:3:      layout_basic
D:4:      layout_rooms
D:5:      layout_rooms, nicolae_overflow_crystal_walls,
          minmay_temple_entry_drinking_statues, minmay_bent

Skill      XL: |  1  2  3  4  5 |
---------------+----------------+-----
Unarmed Combat | 1 2 3 4 5 |  5.3
Fighting       | 1 2 |  2.2
Shields        | 1 |  1.0
Armour         | 1 |  1.2
Dodging        | |  1.7
Stealth        | |  2.1
Spellcasting   | |  1.7
Conjurations   | |  0.7
Fire Magic     | |  2.4

Action                   |  1- 3 |  4- 6 || total
-------------------------+-------+-------++-------
Melee: Unarmed           |   139 |   148 ||   287
       Punch             |     3 |     1 ||     4
Throw: Boomerang         |       |    12 ||    12
  Use: Scroll            |     3 |     7 ||    10
       Potion            |       |     2 ||     2
Armor: Robe              |     9 |       ||     9
       Ring mail         |    23 |    12 ||    35
       Scale mail        |       |    10 ||    10
       Chain mail        |       |    18 ||    18
Dodge: Dodged            |    82 |    67 ||   149
Block: Buckler           |       |     7 ||     7

Table legend:
 A = Non-vault XP
 B = Vault XP
 C = Vault XP percentage of total XP
 D = Non-vault monster count
 E = Vault monster count
 F = Vault count percentage of total count
                 A         B        C        D         E       F
            +---------+---------+-------+---------+---------+-------
      Total |     276 |      95 |  25.6 |      65 |      25 |  27.8
            +---------+---------+-------+---------+---------+-------
        D:1 |      40 |       3 |   7.0 |      19 |       2 |   9.5
        D:2 |      44 |      51 |  53.7 |      16 |      22 |  57.9
        D:3 |      46 |       0 |   0.0 |      13 |       0 |   0.0
        D:4 |      85 |       0 |   0.0 |      11 |       0 |   0.0
        D:5 |      61 |      41 |  40.2 |       6 |       1 |  14.3
            +---------+---------+-------+---------+---------+-------
